 Dungeon Crawl Stone Soup version 0.17-a0-2208-ge5ab1d3 (webtiles) character file.

213 Duffy the Ruffian (level 5, -2/45 HPs)
             Began as a Draconian Monk on Oct 26, 2015.
             Slain by a gnoll
             ... wielding a +0 club
              (8 damage)
             ... on level 3 of the Dungeon.
             The game lasted 00:01:26 (1055 turns).

Duffy the Ruffian (Draconian Monk)                  Turns: 1055, Time: 00:01:27

Health: -2/45      AC:  5    Str: 14    XL:     5   Next: 59%
Magic:  5/5        EV: 13    Int: 11    God:
Gold:   17         SH:  0    Dex: 13    Spells: 0 memorised, 4 levels left

rFire  . . .     SeeInvis +       - Unarmed
rCold  . . .     Clarity  .     (armour unavailable)
rNeg   . . .     SustAt   .     (no shield)
rPois  .         Gourm    .     (helmet restricted)
rElec  .         Spirit   .     (no cloak)
rCorr  .         Warding  .     (no gloves)
rMut   .         Stasis   .     (no boots)
MR     .....                    (no amulet)
Stlth  ++........               (no ring)
                                i - ring of see invisible

@: not resistant to hostile enchantments, unstealthy
A: unfitting armour, cold-blooded, AC +5
a: no special abilities


You were on level 3 of the Dungeon.
You were hungry.

You visited 1 branch of the dungeon, and saw 3 of its levels.

You collected 17 gold pieces.


Innate Abilities, Weirdness & Mutations

Your plain brown scales are hard (AC +5).
Your body does not fit into most forms of armour.
You are cold-blooded and may be slowed by cold attacks.


   Skills:
 - Level 3.2 Fighting
 - Level 2.6 Dodging
 - Level 1.7 Stealth
 + Level 6.9 Unarmed Combat


You had 4 spell levels left.
You didn't know any spells.

Inventory:

Jewellery
 i - a ring of see invisible (left hand)
Wands
 j - a wand of confusion (18)
Scrolls
 b - 2 scrolls of teleportation {unknown}
 g - a scroll of identify {unknown}
 h - a scroll of fog {unknown}
Potions
 c - a potion of agility {unknown}
 d - a potion of degeneration {unknown}
 e - a potion of lignification {unknown}
 k - a potion of resistance {unknown}
Comestibles
 a - a bread ration
 f - 3 fruits

Dungeon Overview and Level Annotations

Branches:
Dungeon (3/15)

Altars:


Message History

You are too injured to fight recklessly!
You are too injured to fight recklessly!
You are too injured to fight recklessly!
You are too injured to fight recklessly!
You are too injured to fight recklessly!
You are too injured to fight recklessly!
You are too injured to fight recklessly!
You are too injured to fight recklessly!
You are too injured to fight recklessly!
You are too injured to fight recklessly!
You are too injured to fight recklessly!
You are too injured to fight recklessly!
You are too injured to fight recklessly!
You are too injured to fight recklessly!
You are too injured to fight recklessly!
You are too injured to fight recklessly!
You are too injured to fight recklessly!
You are too injured to fight recklessly!
You are too injured to fight recklessly!
You completely miss the gnoll. The gnoll closely misses you.
You punch the gnoll! You tail-slap the gnoll.
You kill the gnoll!
You closely miss the gnoll. The gnoll misses you.
You hit the gnoll.
The gnoll is lightly wounded.
The gnoll hits you with a club.
You hit the gnoll but do no damage.
The gnoll is lightly wounded.
You hit the gnoll. You punch the gnoll.
The gnoll is almost dead.
The gnoll hits you with a club.
You hit the gnoll but do no damage.
The gnoll is almost dead.
The gnoll hits you with a club!
You die...

### #.# ..# #.#
#s# #g# #@# ####
#.### ...# #...#
##.# #.#.# ##.#
#.#.# #.♣.♣ ##.#
#.#...#.♣ ♣ ##.#
#.#.#.#.♣
##.#######.#.#.#.♣
##.#....##.#.#.#.♣


You could see a gnoll and a giant cockroach.

Action                   |  1- 3 |  4- 6 || total
-------------------------+-------+-------++-------
Melee: Unarmed           |   100 |    28 ||   128
 Stab: Sleeping          |     2 |       ||     2

Notes
Turn   | Place    | Note
--------------------------------------------------------------
     0 | D:1      | Duffy the Draconian Monk began the quest for the Orb.
     0 | D:1      | Reached XP level 1. HP: 19/19 MP: 1/1
   125 | D:1      | Reached XP level 2. HP: 26/26 MP: 2/2
   706 | D:3      | Reached skill level 5 in Unarmed Combat
   714 | D:3      | Reached XP level 3. HP: 29/31 MP: 3/3
   771 | D:3      | Noticed Sigmund
   785 | D:3      | Killed Sigmund
   785 | D:3      | Reached skill level 6 in Unarmed Combat
   785 | D:3      | Reached XP level 4. HP: 17/38 MP: 4/4
   785 | D:3      | Reached XP level 5. HP: 20/45 MP: 5/5
  1055 | D:3      | Slain by a gnoll

Vault maps used:
D:1:      mushboom_english_gardens
D:2:      first_bread, uniq_robin, uniq_crazy_yiuf_cottage
D:3:      serial_forest, infiniplex_forest_clump_medium,
          infiniplex_forest_straight_4, infiniplex_forest_end_2,
          infiniplex_forest_clump_tiny, infiniplex_forest_clump_long,
          infiniplex_forest_lined_ring, infiniplex_forest_straight_3,
          uniq_sigmund, uniq_terence, uniq_iyjb

Vanquished Creatures
  Sigmund
  3 gnolls
  A giant gecko
  5 bats
  2 giant cockroaches
  3 goblins
  2 hobgoblins
  3 jackals
  3 kobolds
  A quokka
  2 giant newts
  5 rats
31 creatures vanquished.
